 Dungeon Crawl Stone Soup version 0.18-a0-1109-gfc003ac (webtiles) character file.

3082 root the Grappler (level 9, -4/88 HPs)
             Began as a Troll Monk on Jan 16, 2016.
             Killed from afar by an electric eel (12 damage)
             ... with a bolt of electricity
             ... on level 8 of the Dungeon.
             The game lasted 00:21:00 (4228 turns).

root the Grappler (Troll Monk)                      Turns: 4228, Time: 00:21:00

Health: -4/88      AC:  5    Str: 21    XL:     9   Next: 58%
Magic:  8/8        EV: 14    Int:  6    God:
Gold:   129        SH:  0    Dex: 15    Spells: 0 memorised, 8 levels left

rFire  . . .     SeeInvis .       - Unarmed
rCold  . . .     Gourm    +     a - +0 robe
rNeg   . . .     Faith    .     (no shield)
rPois  .         Spirit   .     (helmet restricted)
rElec  .         Dismiss  .     (no cloak)
rCorr  +         Reflect  .     (gloves unavailable)
SustAt .         Harm     .     (boots unavailable)
MR     .....                    (no amulet)
Stlth  ++........               (no ring)
                                o - ring of resist corrosion

@: not resistant to hostile enchantments, unstealthy
A: unfitting armour, claws 3, fast metabolism 3, gourmand, regeneration 2,
shaggy fur 1, tough skin 2
a: no special abilities


You were on level 8 of the Dungeon.
You were completely stuffed.

You visited 1 branch of the dungeon, and saw 8 of its levels.

You collected 227 gold pieces.
You spent 98 gold pieces at shops.

Inventory:

Missiles
 c - 126 stones (quivered)
Armour
 a - a +0 robe (worn)
Jewellery
 o - a ring of resist corrosion (left claw)
 w - an uncursed amulet of magic regeneration {unknown}
 D - a cursed ring of loudness {unknown}
Wands
 s - a wand of random effects (39/48)
 y - a wand of disintegration (14/24)
 G - a wand of flame (13/48)
Scrolls
 f - 9 scrolls of identify
 g - 2 scrolls of recharging {unknown}
 i - 4 scrolls of remove curse
 k - a scroll of random uselessness {unknown}
 l - 5 scrolls of amnesia {unknown}
 q - 2 scrolls of teleportation {unknown}
 r - a scroll of enchant weapon {unknown}
 t - 5 scrolls of fog {unknown}
 u - a scroll of noise {unknown}
 v - a scroll of blinking {unknown}
 A - a scroll of silence {unknown}
 H - a scroll of immolation {unknown}
 I - a scroll of enchant armour {unknown}
Potions
 d - 2 potions of heal wounds {unknown}
 e - a potion of haste {unknown}
 j - 2 potions of resistance {unknown}
 p - a potion of invisibility {unknown}
 x - 2 potions of lignification {unknown}
 z - a potion of berserk rage {unknown}
 B - a potion of flight {unknown}
 C - a potion of beneficial mutation {unknown}
Books
 n - a book of Geomancy

   Spells                             Type                      Level
   a - Sandblast                      Earth                        1
   b - Stoneskin                      Transmutation/Earth          2
   c - Passwall                       Transmutation/Earth          3
   d - Stone Arrow                    Conjuration/Earth            3
   e - Petrify                        Transmutation/Earth          4
   f - Lee's Rapid Deconstruction     Earth                        5
Miscellaneous
 F - a plain deck of summoning
Comestibles
 b - 2 bread rations
 h - 7 fruits
 m - a royal jelly
 E - 2 beef jerkies
 J - 10 chunks of flesh


   Skills:
 + Level 5.4 Fighting
 * Level 5.4 Throwing
 + Level 7.0 Dodging
 - Level 1.1 Stealth
 + Level 8.1 Unarmed Combat


You had 8 spell levels left.
You didn't know any spells.

Dungeon Overview and Level Annotations

Branches:
Dungeon (8/15)
 Temple: D:4-7         Lair: D:8-11

Altars:
Elyvilon
Nemelex Xobeh
Ru
Sif Muna
Xom

Shops:
D:5 ?   D:6 [

Annotations:
D:7 1 exclusion


Innate Abilities, Weirdness & Mutations

You are too large for most types of armour.
You have claws for hands.
Your metabolism is lightning-fast.
You like to eat raw meat.
You heal very quickly.
You are covered in fur (AC +1).
You have very tough skin (AC +2).


Message History

You closely miss the electric eel.
The electric eel is almost dead.
The electric eel shoots out a bolt of lightning at you!
The bolt of electricity hits you!
* * * LOW HITPOINT WARNING * * *
You claw the electric eel!
You kill the electric eel!
You hear a splash.
The electric eel shoots out a bolt of lightning at you!
The bolt of electricity hits you!
* * * LOW HITPOINT WARNING * * *
The electric eel shoots out a bolt of lightning at you!
The bolt of electricity hits the electric eel.
The electric eel completely resists.
The bolt of electricity misses you.
The electric eel shoots out a bolt of lightning at you!
The bolt of electricity hits you!
* * * LOW HITPOINT WARNING * * *
The electric eel shoots out a bolt of lightning at you!
The bolt of electricity hits you!
You die...

#<÷.# #...#
########## #...#
#........#### #...###
#............ #.....#
#.......≈....
#...#.###.......≈≈≈..
#...#..##......≈≈≈≈≈≈
#...##.##.....≈≈≈≈≈≈≈
#.......@........≈≈≈≈
#######.......†≈≈≈≈≈≈
###............
###...;≈≈≈≈≈≈
#...;≈≈≈≈≈.
......≈≈≈≈.≈
###......≈.≈≈
#....≈≈..≈≈
........≈..


You could see 2 electric eels.

Vanquished Creatures
  2 trolls
  A hippogriff (D:7)
  3 wolves (D:8)
  2 sky beasts (D:7)
  An ice beast (D:7)
  A phantom (D:7)
  5 centaurs
  3 giant frogs
  2 scorpions
  The ghost of 4thArraOfDagon the Conjurer, a weakling MiCj (D:5)
  4 wights (D:6)
  4 electric eels
  A crimson imp (D:7)
  A quasit (D:7)
  4 giant frog skeletons
  2 giant frog zombies (D:6)
  4 orc priests
  6 hounds
  An orc wizard (D:5)
  2 iguanas
  3 worker ants
  A hound skeleton (D:7)
  A worker ant zombie (D:7)
  2 adders
  2 shadow imps
  An adder zombie (D:6)
  An ooze (D:3)
  An adder skeleton (D:6)
  A giant gecko (D:4)
  10 orcs
  A ball python (D:1)
  A giant cockroach (D:7)
  2 goblins (D:1)
  5 hobgoblins
  A jackal (D:8)
  A quokka (D:5)
  2 bats
  A giant cockroach zombie (D:5)
  A giant newt (D:1)
  6 kobolds
  7 rats
101 creatures vanquished.

Notes
Turn   | Place    | Note
--------------------------------------------------------------
     0 | D:1      | root the Troll Monk began the quest for the Orb.
     0 | D:1      | Reached XP level 1. HP: 22/22 MP: 0/0
   124 | D:1      | Reached XP level 2. HP: 29/29 MP: 1/1
   563 | D:3      | Reached skill level 1 in Throwing
   567 | D:3      | Reached XP level 3. HP: 36/36 MP: 2/2
   625 | D:4      | Noticed an ogre
   636 | D:5      | Entered Level 5 of the Dungeon
   694 | D:5      | Noticed a centaur
   700 | D:5      | Killed a centaur
   700 | D:5      | Reached XP level 4. HP: 38/45 MP: 3/3
   739 | D:5      | Reached skill level 5 in Unarmed Combat
   739 | D:5      | Reached XP level 5. HP: 53/53 MP: 4/4
   881 | D:5      | Noticed 4thArraOfDagon's ghost (weakling MiCj)
   904 | D:5      | Killed 4thArraOfDagon's ghost
   945 | D:5      | Reached XP level 6. HP: 61/61 MP: 5/5
   953 | D:5      | Found a sacrificial altar of Ru.
  1273 | D:5      | Found Rehaona's Magic Scroll Shop.
  1276 | D:5      | Bought a scroll of identify for 28 gold pieces
  1276 | D:5      | Bought a scroll of remove curse for 42 gold pieces
  1276 | D:5      | Bought a scroll of identify for 28 gold pieces
  1308 | D:5      | Found a deep blue altar of Sif Muna.
  1657 | D:6      | Reached skill level 6 in Unarmed Combat
  1657 | D:6      | Reached XP level 7. HP: 50/67 MP: 6/6
  2130 | D:6      | Found Hyrphe's Armour Emporium.
  2361 | D:7      | Found a white marble altar of Elyvilon.
  2535 | D:7      | Reached XP level 8. HP: 34/78 MP: 7/7
  2572 | D:7      | Noticed a troll
  2599 | D:7      | Killed a troll
  2599 | D:7      | Reached skill level 5 in Dodging
  2599 | D:7      | Reached skill level 7 in Unarmed Combat
  2884 | D:7      | Found a sparkling altar of Nemelex Xobeh.
  3311 | D:7      | HP: 1/79 [orc (5)]
  3449 | D:7      | Found a shimmering altar of Xom.
  3746 | D:8      | Reached skill level 5 in Fighting
  3749 | D:8      | Reached XP level 9. HP: 73/88 MP: 8/8
  3774 | D:8      | Noticed a troll
  4013 | D:8      | Reached skill level 5 in Throwing
  4027 | D:8      | Killed a troll
  4027 | D:8      | Reached skill level 8 in Unarmed Combat
  4228 | D:8      | Killed from afar by an electric eel

Vault maps used:
D:1:      dpeg_arrival_tiny_e, serial_forest, infiniplex_forest_lined_corner,
          infiniplex_forest_clump_small, infiniplex_forest_clump_small,
          infiniplex_forest_clump_small, infiniplex_forest_clump_C,
          infiniplex_forest_lined_room_2
D:2:      minmay_misc_feat_plants
D:3:      first_bread, serial_bayou_pond_c, guppyfry_early_orc_mine
D:4:      minmay_temple_entry_metal_lava
D:5:      led_sif_book, serial_shops, nicolae_shop_window_shopping,
          nicolae_ru_sacrificial_ziggurat
D:6:      serial_shops, kennysheep_mini_moat, wad_floor_pattern_1,
          hangedman_decor_push
D:7:      kennysheep_big_flooded_room, nemelex_deck, overflow_temple_1_default,
          old_standard_altar
D:8:      nicolae_overflow_crystal_walls, erik_lair_island, serial_shops, shop,
          lightli_minifort

Action                   |  1- 3 |  4- 6 |  7- 9 || total
-------------------------+-------+-------+-------++-------
Melee: Unarmed           |    56 |    44 |   227 ||   327
Throw: Stone             |       |       |     2 ||     2
 Stab: Sleeping          |     4 |       |     3 ||     7
  Eat: Chunk             |    11 |     5 |    28 ||    44
